A- - U25
ABBOTSFORD CANUCKS @ STATE COLLEGE SPIKES
06/24/2052
 
TOP OF THE 1ST
Atlantic City Jokers batting - Pitching for Vermont Lake Monsters : LHP Nereus Flores
Pitching: LHP Nereus Flores
Batting: LHB Néstor Garrido 0-0: Called Strike
0-1: Ground out 4-3 (Groundball, 4, EV 84.4 MPH)
Batting: SHB Luis Ángel Cortez 0-0: Swinging Strike
0-1: SINGLE (Flyball, 9LS, EV 88.1 MPH)
Batting: RHB Lee Thomas 0-0: Ball
1-0: Foul Ball, location: 2F
1-1: Foul Ball, location: 2F
1-2: Ball
2-2: Fly out, F3 (Popup, 3S, EV 76.9 MPH)
Batting: RHB Chase Rochester 0-0: Ball
Wild Pitch!
Luis Ángel Cortez to second
1-0: Foul Ball, location: 2F
1-1: Foul Ball, location: 2F
1-2: Ball
2-2: SINGLE (Line Drive, 8LS, EV 105.0 MPH)
Luis Ángel Cortez to third
Batting: RHB Martim De Los Santos 0-0: Ball
1-0: Foul Ball, location: 2F
1-1: SINGLE (Line Drive, 89S, EV 91.9 MPH)
Luis Ángel Cortez scores
Chase Rochester to second
Batting: RHB Kurt Vandyk 0-0: Called Strike
0-1: Ball
1-1: Fly out, F5 (Popup, 56S, EV 75.0 MPH)
Top of the 1st over - 1 run, 3 hits, 0 errors, 2 left on base; Atlantic City 1 - Vermont 0
BOTTOM OF THE 1ST
Vermont Lake Monsters batting - Pitching for Atlantic City Jokers : RHP Rowan Amos
Pitching: RHP Rowan Amos
Batting: RHB Tyler Soma 0-0: Called Strike
0-1: Foul Ball, location: 2F
0-2: Ball
1-2: Strikes out looking
Batting: RHB Bailey Edwards 0-0: Ball
1-0: Foul Ball, location: 2F
1-1: Called Strike
1-2: Foul Ball, location: 2F
1-2: Strikes out swinging
Batting: LHB Harry Chrétien 0-0: Called Strike
0-1: Ball
1-1: Ball
2-1: SINGLE (Line Drive, 7S, EV 101.2 MPH)
Pitching: LHP Sam Johnston
Batting: LHB Wilfri Morillo 0-0: Ground out 1-3 (Groundball, 15S, EV 68.8 MPH)
Bottom of the 1st over - 0 runs, 1 hit, 0 errors, 1 left on base; Atlantic City 1 - Vermont 0
TOP OF THE 2ND
Atlantic City Jokers batting - Pitching for Vermont Lake Monsters : LHP Nereus Flores
Batting: LHB Dale MacDonald 0-0: Called Strike
0-1: Ball
1-1: Ball
2-1: Fly out, F9 (Flyball, 9S, EV 96.2 MPH)
Batting: RHB Mike Herceg 0-0: Ball
1-0: Ball
2-0: Foul Ball, location: 2F
2-1: Ground out 4-3 (Groundball, 4M, EV 82.5 MPH)
Batting: SHB Zat Collett 0-0: Ball
1-0: Swinging Strike
1-1: Ground out 6-3 (Groundball, 6, EV 87.5 MPH)
Top of the 2nd over - 0 runs, 0 hits, 0 errors, 0 left on base; Atlantic City 1 - Vermont 0
BOTTOM OF THE 2ND
Vermont Lake Monsters batting - Pitching for Atlantic City Jokers : LHP Sam Johnston
Batting: LHB Cody Patterson 0-0: Foul Ball, location: 2F
0-1: Swinging Strike
0-2: Foul Ball, location: 2F
0-2: Strikes out swinging
Batting: RHB Ruben Hamilton 0-0: Called Strike
0-1: Fly out, F9 (Flyball, 9D, EV 100.6 MPH)
Batting: RHB Bud Matuz 0-0: Ball
1-0: Ball
2-0: Ball
3-0: Base on Balls
Batting: SHB Elias Fertig 0-0: Called Strike
0-1: Called Strike
0-2: Ball
1-2: Ball
2-2: Ball
3-2: Base on Balls
Bud Matuz to second
Batting: SHB Henry Ceron 0-0: Ball
1-0: Called Strike
1-1: Swinging Strike
1-2: Strikes out swinging
Bottom of the 2nd over - 0 runs, 0 hits, 0 errors, 2 left on base; Atlantic City 1 - Vermont 0
TOP OF THE 3RD
Atlantic City Jokers batting - Pitching for Vermont Lake Monsters : LHP Nereus Flores
Batting: LHB Néstor Garrido 0-0: Called Strike
0-1: Fly out, F3 (Line Drive, 3, EV 73.1 MPH)
Batting: SHB Luis Ángel Cortez 0-0: Ball
1-0: Foul Ball, location: 2F
1-1: Swinging Strike
1-2: Strikes out swinging
Batting: RHB Lee Thomas 0-0: Called Strike
0-1: Foul Ball, location: 2F
0-2: Foul Ball, location: 2F
0-2: Ball
1-2: SINGLE (Groundball, 56S, EV 66.9 MPH) (infield hit)
Batting: RHB Chase Rochester 0-0: Ball
1-0: Fly out, F8 (Flyball, 8RM, EV 87.5 MPH)
Top of the 3rd over - 0 runs, 1 hit, 0 errors, 1 left on base; Atlantic City 1 - Vermont 0
BOTTOM OF THE 3RD
Vermont Lake Monsters batting - Pitching for Atlantic City Jokers : LHP Sam Johnston
Batting: RHB Tyler Soma 0-0: Ball
1-0: Foul Ball, location: 2F
1-1: Ball
2-1: Ball
3-1: Foul Ball, location: 2F
3-2: Foul Ball, location: 2F
3-2: SINGLE (Line Drive, 8LS, EV 108.1 MPH)
Batting: RHB Bailey Edwards 0-0: Grounds into double play, 5-4-3 (Groundball, 5, EV 103.8 MPH)
Batting: LHB Harry Chrétien 0-0: Reached on error, E6 (Popup, 6S, EV 69.4 MPH)
Batting: LHB Wilfri Morillo 0-0: Ball
1-0: Ball
2-0: Foul Ball, location: 2F
2-1: Foul Ball, location: 2F
2-2: SINGLE (Flyball, 89S, EV 90.0 MPH)
Harry Chrétien to second
Runner from 2nd tries for 3rd, SAFE, no throw by RF
Batting: LHB Cody Patterson 0-0: Called Strike
0-1: Ball
1-1: Swinging Strike
1-2: Foul Ball, location: 2F
1-2: Ball
2-2: Strikes out swinging
Bottom of the 3rd over - 0 runs, 2 hits, 1 error, 2 left on base; Atlantic City 1 - Vermont 0
TOP OF THE 4TH
Atlantic City Jokers batting - Pitching for Vermont Lake Monsters : LHP Nereus Flores
Batting: RHB Martim De Los Santos 0-0: Ball
1-0: Ball
2-0: Ball
3-0: Base on Balls
Batting: RHB Kurt Vandyk 0-0: Foul Ball, location: 2F
0-1: Called Strike
0-2: Strikes out looking
Batting: LHB Dale MacDonald 0-0: Ball
1-0: Ball
2-0: Ball
3-0: Called Strike
3-1: Grounds into double play, 4-6-3 (Groundball, 4, EV 96.2 MPH)
Top of the 4th over - 0 runs, 0 hits, 0 errors, 0 left on base; Atlantic City 1 - Vermont 0
BOTTOM OF THE 4TH
Vermont Lake Monsters batting - Pitching for Atlantic City Jokers : LHP Sam Johnston
Batting: RHB Ruben Hamilton 0-0: Ball
1-0: Fly out, F7 (Flyball, 7D, EV 85.6 MPH)
Batting: RHB Bud Matuz 0-0: Called Strike
0-1: Called Strike
0-2: Ball
1-2: Foul Ball, location: 2F
1-2: Ball
2-2: Foul Ball, location: 2F
2-2: Foul Ball, location: 2F
2-2: Strikes out swinging
Batting: SHB Elias Fertig 0-0: Ground out 6-3 (Groundball, 6, EV 97.5 MPH)
Bottom of the 4th over - 0 runs, 0 hits, 0 errors, 0 left on base; Atlantic City 1 - Vermont 0
TOP OF THE 5TH
Atlantic City Jokers batting - Pitching for Vermont Lake Monsters : LHP Nereus Flores
Batting: RHB Mike Herceg 0-0: Ball
1-0: Ball
2-0: Foul Ball, location: 2F
2-1: Foul Ball, location: 2F
2-2: Strikes out looking
Batting: SHB Zat Collett 0-0: Foul Ball, location: 2F
0-1: Ball
1-1: Fly out, F7 (Flyball, 7LS, EV 91.9 MPH)
Batting: LHB Néstor Garrido 0-0: Foul Ball, location: 2F
0-1: Foul Ball, location: 2F
0-2: Strikes out looking
Top of the 5th over - 0 runs, 0 hits, 0 errors, 0 left on base; Atlantic City 1 - Vermont 0
BOTTOM OF THE 5TH
Vermont Lake Monsters batting - Pitching for Atlantic City Jokers : LHP Sam Johnston
Batting: SHB Henry Ceron 0-0: SINGLE (Flyball, 9LS, EV 86.2 MPH) - OUT at second base trying to stretch hit.
Batting: RHB Tyler Soma 0-0: Called Strike
0-1: Foul Ball, location: 2F
0-2: Foul Ball, location: 2F
0-2: Ball
1-2: Ball
2-2: Strikes out swinging
Batting: RHB Bailey Edwards 0-0: Ball
1-0: Ball
2-0: Called Strike
2-1: Called Strike
2-2: Foul Ball, location: 2F
2-2: Foul Ball, location: 2F
2-2: Foul Ball, location: 2F
2-2: Ball
3-2: Foul Ball, location: 2F
3-2: Base on Balls
Pitching: RHP Daniel Hurtado
Batting: LHB Harry Chrétien 0-0: Ball
1-0: Ball
2-0: Ball
3-0: Called Strike
3-1: 2-RUN HOME RUN (Flyball, 9D, EV 93.1 MPH), Distance : 369 ft
Batting: LHB Wilfri Morillo 0-0: Ball
1-0: Called Strike
1-1: Swinging Strike
1-2: Ball
2-2: Ball
3-2: Base on Balls
Batting: LHB Cody Patterson 0-0: 2-RUN HOME RUN (Flyball, 9LD, EV 92.5 MPH), Distance : 349 ft
Pitching: LHP Wes Haygood
Batting: RHB Ruben Hamilton 0-0: Ball
1-0: Foul Ball, location: 2F
1-1: Foul Ball, location: 2F
1-2: Foul Ball, location: 2F
1-2: Strikes out looking
Bottom of the 5th over - 4 runs, 3 hits, 0 errors, 0 left on base; Atlantic City 1 - Vermont 4
TOP OF THE 6TH
Atlantic City Jokers batting - Pitching for Vermont Lake Monsters : LHP Nereus Flores
Batting: SHB Luis Ángel Cortez 0-0: Ground out 6-3 (Groundball, 6, EV 102.5 MPH)
Batting: RHB Lee Thomas 0-0: Ball
1-0: Ball
2-0: Ball
3-0: Called Strike
3-1: Fly out, F7 (Flyball, 7, EV 90.0 MPH)
Batting: RHB Chase Rochester 0-0: Called Strike
0-1: Ball
1-1: Ball
2-1: Swinging Strike
2-2: Ground out 4-3 (Groundball, 4, EV 85.6 MPH)
Top of the 6th over - 0 runs, 0 hits, 0 errors, 0 left on base; Atlantic City 1 - Vermont 4
BOTTOM OF THE 6TH
Vermont Lake Monsters batting - Pitching for Atlantic City Jokers : LHP Wes Haygood
Batting: RHB Bud Matuz 0-0: Called Strike
0-1: Called Strike
0-2: Ball
1-2: Strikes out swinging
Batting: SHB Elias Fertig 0-0: Ball
1-0: Fly out, F8 (Flyball, 78D, EV 98.8 MPH)
Batting: SHB Henry Ceron 0-0: SINGLE (Groundball, 56S, EV 67.5 MPH) (infield hit)
Batting: RHB Tyler Soma 0-0: Called Strike
0-1: Ball
1-1: Ball
2-1: Ball
3-1: Called Strike
3-2: Foul Ball, location: 2F
3-2: Fly out, F8 (Flyball, 8LXD, EV 89.4 MPH)
Bottom of the 6th over - 0 runs, 1 hit, 0 errors, 1 left on base; Atlantic City 1 - Vermont 4
TOP OF THE 7TH
Atlantic City Jokers batting - Pitching for Vermont Lake Monsters : LHP Nereus Flores
Batting: RHB Martim De Los Santos 0-0: Ball
1-0: Foul Ball, location: 2F
1-1: Fly out, F8 (Flyball, 89M, EV 96.9 MPH)
Batting: RHB Kurt Vandyk 0-0: Ball
1-0: Ball
2-0: Fly out, F8 (Flyball, 8LS, EV 87.5 MPH)
Batting: LHB Dale MacDonald 0-0: Ball
1-0: Ball
2-0: Ball
3-0: Base on Balls
Batting: RHB Mike Herceg 0-0: Ball
1-0: SINGLE (Groundball, 6D, EV 93.8 MPH)
Dale MacDonald to second
Batting: SHB Zat Collett 0-0: Called Strike
0-1: Ball
1-1: Foul Ball, location: 2F
1-2: SINGLE (Groundball, P, EV 85.6 MPH) (infield hit)
Dale MacDonald to third
Mike Herceg to second
Batting: LHB Néstor Garrido 0-0: Ball
1-0: Swinging Strike
1-1: Ball
2-1: Swinging Strike
2-2: Strikes out swinging
Top of the 7th over - 0 runs, 2 hits, 0 errors, 3 left on base; Atlantic City 1 - Vermont 4
BOTTOM OF THE 7TH
Vermont Lake Monsters batting - Pitching for Atlantic City Jokers : LHP Wes Haygood
Batting: RHB Bailey Edwards 0-0: Called Strike
0-1: SOLO HOME RUN (Flyball, 9D, EV 95.0 MPH), Distance : 366 ft
Batting: LHB Harry Chrétien 0-0: Ground out 6-3 (Groundball, 6, EV 86.9 MPH)
Batting: LHB Wilfri Morillo 0-0: Called Strike
0-1: Swinging Strike
0-2: Strikes out swinging
Batting: LHB Cody Patterson 0-0: Called Strike
0-1: Foul Ball, location: 2F
0-2: Ball
1-2: Foul Ball, location: 2F
1-2: Ball
2-2: Strikes out swinging
Bottom of the 7th over - 1 run, 1 hit, 0 errors, 0 left on base; Atlantic City 1 - Vermont 5
TOP OF THE 8TH
Atlantic City Jokers batting - Pitching for Vermont Lake Monsters : LHP Nereus Flores
Batting: SHB Luis Ángel Cortez 0-0: Ball
1-0: Swinging Strike
1-1: Swinging Strike
1-2: Ball
2-2: Ball
3-2: Base on Balls
Batting: RHB Lee Thomas 0-0: Ball
1-0: Foul Ball, location: 2F
1-1: Ball
2-1: Ball
3-1: Swinging Strike
3-2: Fielders Choice at 2nd, 4-6 (Groundball, 34, EV 87.5 MPH)
Pitching: LHP Vaz Quintero
Batting: RHB Chase Rochester 0-0: Ball
1-0: Called Strike
1-1: Swinging Strike
1-2: Fly out, F8 (Line Drive, 8RD, EV 101.9 MPH)
Batting: RHB Martim De Los Santos 0-0: Called Strike
0-1: Ball
1-1: Foul Ball, location: 2F
1-2: Ball
2-2: Fly out, F9 (Flyball, 9LD, EV 88.1 MPH)
Top of the 8th over - 0 runs, 0 hits, 0 errors, 1 left on base; Atlantic City 1 - Vermont 5
BOTTOM OF THE 8TH
Vermont Lake Monsters batting - Pitching for Atlantic City Jokers : LHP Wes Haygood
Batting: RHB Ruben Hamilton 0-0: Fly out, F7 (Flyball, 78M, EV 88.8 MPH)
Batting: RHB Bud Matuz 0-0: Foul Ball, location: 2F
0-1: Ball
1-1: Swinging Strike
1-2: Strikes out looking
Batting: SHB Elias Fertig 0-0: Called Strike
0-1: Ground out 6-3 (Groundball, 6M, EV 105.0 MPH)
Bottom of the 8th over - 0 runs, 0 hits, 0 errors, 0 left on base; Atlantic City 1 - Vermont 5
TOP OF THE 9TH
Atlantic City Jokers batting - Pitching for Vermont Lake Monsters : LHP Vaz Quintero
Batting: RHB Kurt Vandyk 0-0: Called Strike
0-1: Ball
1-1: Ball
2-1: Ball
3-1: Base on Balls
Batting: LHB Dale MacDonald 0-0: Foul Ball, location: 2F
0-1: Foul Ball, location: 2F
0-2: Grounds into double play, 4-6-3 (Groundball, 4, EV 81.2 MPH)
Batting: RHB Mike Herceg 0-0: Called Strike
0-1: Foul Ball, location: 2F
0-2: Strikes out swinging
Top of the 9th over - 0 runs, 0 hits, 0 errors, 0 left on base; Atlantic City 1 - Vermont 5
Friday, April 26th , 2024 - OOTP Baseball 24.11 Build 85